 Dungeon Crawl Stone Soup version 0.27-a0-1188-g73eefd5def (webtiles) character file.

Game seed: 10176431044712730010

56585 Feb132020 the Eclecticist (level 14, 0/65 HPs)
             Began as a Spriggan Venom Mage on May 19, 2021.
             Was an Elder of Vehumet.
             Killed from afar by a manticore (23 damage)
             ... with a volley of spikes
             ... on level 12 of the Dungeon on May 21, 2021.
             The game lasted 02:56:40 (23461 turns).

Feb132020 the Eclecticist (Spriggan Venom Mage)    Turns: 23461, Time: 02:56:42

Health: 0/65       AC:  5    Str:  4    XL:     14   Next: 42%
Magic:  15/35      EV: 23    Int: 26    God:    Vehumet [****..]
Gold:   915        SH: 11    Dex: 23    Spells: 13/45 levels left

rFire    + . .     SeeInvis +   a - +5 dagger (elec)
rCold    . . .     Faith    .   z - +3 buckler {rPois}
rNeg     . . .     Spirit   .   F - +2 robe {rF+}
rPois    +         Reflect  .   (helmet restricted)
rElec    .         Harm     .   r - +0 cloak
rCorr    .         Rampage  .   (gloves unavailable)
Will     ++...                  (boots unavailable)
Stlth    +++++++...             U - amulet of the acrobat
HPRegen  0.20/turn              i - +6 ring of dexterity
MPRegen  0.24/turn              Q - +6 ring of intelligence

@: spiked, very quick
A: very small, no large weapons, unfitting armour, see invisible, speed 3
a: Renounce Religion


You were on level 12 of the Dungeon.
You worshipped Vehumet.
Vehumet was greatly pleased with you.
You visited 3 branches of the dungeon, and saw 20 of its levels.
You also visited: Ice Cave.

You collected 1564 gold pieces.
You spent 649 gold pieces at shops.

Inventory:

Hand Weapons
 a - a +5 dagger of electrocution (weapon)
 e - a +2 dagger of venom
 h - a +1 dagger of freezing
Missiles
 g - 80 poisoned darts
 u - 283 stones
 O - 8 curare-tipped darts
 Z - 15 atropa-tipped darts
Armour
 r - a +0 cloak (worn)
 t - a +2 robe of positive energy
 z - a +3 buckler of poison resistance (worn)
 A - +0 acid dragon scales
 F - a +2 robe of fire resistance (worn)
Magical Staves
 b - a staff of fire
 T - a staff of cold
Jewellery
 i - a +6 ring of dexterity (left hand)
 o - a ring of poison resistance
 p - an amulet of faith
 C - a +6 ring of strength
 D - a ring of positive energy
 J - a ring of protection from cold
 Q - a +6 ring of intelligence (right hand)
 U - an amulet of the acrobat (around neck)
Wands
 s - a wand of polymorph (8)
 v - a wand of iceblast (10)
 B - a wand of digging (1)
 I - a wand of mindburst (24)
 N - a wand of acid (9)
 P - a wand of paralysis (15)
 R - a wand of flame (41)
Scrolls
 d - 5 scrolls of blinking
 f - 2 scrolls of amnesia
 w - 2 scrolls of holy word
 y - 9 scrolls of teleportation
 H - a scroll of magic mapping
 S - 3 scrolls of fog
 W - a scroll of fear
 X - a scroll of identify
 Y - 3 scrolls of enchant armour
Potions
 c - 4 potions of resistance
 j - 5 potions of curing
 k - 3 potions of brilliance
 l - a potion of lignification
 m - a potion of magic
 n - 4 potions of might
 q - 6 potions of flight
 x - a potion of invisibility
 E - 2 potions of haste {!*}
 G - a potion of mutation
Miscellaneous
 K - a phantom mirror
 L - a phial of floods
 M - a piece from Xom's chessboard (15/15)


   Skills:
 + Level 3.3 Fighting
 + Level 7.8 Short Blades
 + Level 7.2 Dodging
 + Level 15.5 Stealth
 + Level 3.2 Shields
 + Level 16.3 Spellcasting
 + Level 4.3 Conjurations
 + Level 0.2 Translocations
 + Level 5.4 Transmutations
 * Level 0.5 Fire Magic
 + Level 6.5 Air Magic
 + Level 7.1 Earth Magic
 - Level 9.0 Poison Magic
 + Level 2.6 Evocations


You had 13 spell levels left.
You knew the following spells:

 Your Spells              Type           Power      Damage    Failure   Level
a - Sting                 Tmut/Pois      100%       1d8       1%          1
b - Poisonous Vapours     Pois/Air       100%       N/A       1%          2
c - Mephitic Cloud        Conj/Pois/Air  54%        N/A       1%          3
d - Magic Dart            Conj           100%       1d8       1%          1
e - Fireball              Conj/Fire      16%        3d8       9%          5
f - Stone Arrow           Conj/Erth      100%       3d13      1%          3
g - Conjure Flame         Conj/Fire      33%        6-21      1%          3
l - Lee's Rapid Deconstr  Erth           27%        3d16*     1%          5
o - Olgreb's Toxic Radia  Pois           62%        N/A       1%          4
p - Passwall              Tmut/Erth      43%        N/A       1%          2
s - Sandblast             Erth           100%       2d20      1%          1
B - Blink                 Tloc           N/A        N/A       4%          2

Your spell library contained the following spells:

 Spells                   Type           Power      Damage    Failure   Level
 Freeze                   Ice            84%        1d10      1%          1
 Ignite Poison            Fire/Tmut/Pois 47%        N/A       1%          3
 Frozen Ramparts          Ice            42%        1d6       2%          3
 Petrify                  Tmut/Erth      52%        N/A       2%          4
 Hailstorm                Conj/Ice       32%        3d8       3%          4
 Call Imp                 Summ           21%        N/A       4%          2
 Slow                     Hex            21%        N/A       4%          2
 Ozocubu's Armour         Ice            21%        N/A       10%         3
 Metabolic Englaciation   Hex/Ice        10%        N/A       65%         5


Dungeon Overview and Level Annotations

Branches:
Dungeon (12/15)            Temple (0/1) D:5            Lair (6/6) D:10
 Shoals (0/4) Lair:4        Snake (0/4) Lair:3        Slime (0/5) Lair:6
    Orc (2/2) D:11            Elf (0/3) Orc:2         IceCv (visited)

Altars:
Ashenzari
Cheibriados
Hepliaklqana
Kikubaaqudgha
Okawaru
Qazlal
Ru
Sif Muna
Trog
Vehumet
Wu Jian
Xom
Yredelemnul
Jiyva

Shops:
D:9 *[   D:11 (   Orc:1 *   Orc:2 :(::

Portals:
Trove: D:10 (give 7 potions of haste)

Annotations:
D:6 Menkaure
D:12 Rupert
Lair:2 2 transporters, UristMcRaven's ghost, journeyman DECj


Innate Abilities, Weirdness & Mutations

You are very small and have problems with some larger weapons.
You are too small for most types of armour.
You have supernaturally acute eyesight. (SInv)
You cover ground extremely quickly. (Speed+++)


Message History

You feel your power returning.
The manticore flicks its tail.
The volley of spikes misses you.
Casting: Stone Arrow (safe; 1% risk of failure)
Confirm with . or Enter, or press ? or * to list all spells.
Aiming: Stone Arrow (safe; 1% risk of failure)
Press: ? - help, Shift-Dir - straight line, f - manticore
Aim: a manticore (87% to hit)
The stone arrow hits the manticore!
The manticore is moderately wounded.
Casting: Stone Arrow (safe; 1% risk of failure)
Confirm with . or Enter, or press ? or * to list all spells.
Aiming: Stone Arrow (safe; 1% risk of failure)
Press: ? - help, Shift-Dir - straight line, f/p - manticore
Aim: a manticore (moderately wounded, 87% to hit)
The stone arrow misses the manticore.
The manticore flicks its tail.
You block the volley of spikes.
Unknown command.
Casting: Stone Arrow (safe; 1% risk of failure)
Confirm with . or Enter, or press ? or * to list all spells.
Aiming: Stone Arrow (safe; 1% risk of failure)
Press: ? - help, Shift-Dir - straight line, f/p - manticore
Aim: a manticore (moderately wounded, 87% to hit)
The stone arrow hits the manticore!
The manticore is severely wounded.
The manticore flicks its tail.
The volley of spikes hits you!
The barbed spikes become lodged in your body.
Casting: Stone Arrow (safe; 1% risk of failure)
Confirm with . or Enter, or press ? or * to list all spells.
Aiming: Stone Arrow (safe; 1% risk of failure)
Press: ? - help, Shift-Dir - straight line, f/p - manticore
Aim: a manticore (severely wounded, 87% to hit)
The stone arrow hits the manticore!
The manticore is almost dead.
The manticore flicks its tail.
The volley of spikes hits you!!
The barbed spikes become lodged in your body.
You die...

..# #.# # ... .. #.# .# ### #.#
#.#... ###.#######
####.#.######### ...........
...............
###.##############.......!....
!...............@.<..........
..#.##########......####...#####
..#.#
#........#..###..#####.O.## .
#.###).....H.#.##8#...©..cV.#.#
.
#.)##........#.#$[#?##.###e##..
##..)......).#.#.=' ##.#.e.....
.#####....).!.#.#[$#..##.##..#c.
..........[...#.####.##...#.##.#
.####..........⌠..#V....##.#.h#


You could see a manticore.

Vanquished Creatures
  Snorg (Orc:1)
  Erolcha (D:11)
  Harold (D:10)
  7 hydras
  2 boulder beetles
  A catoblepas (Lair:6)
  3 two-headed ogres
  A deep troll shaman (Lair:6)
  3 death yaks (Lair:6)
  Sonja (D:10)
  A lindwurm (Lair:5)
  Pikel (D:4)
  2 orc knights (Orc:2)
  An ugly thing (D:7)
  The ghost of philipeq the Conjurer, a novice DrCj (D:6)
  A cyclops (Orc:2)
  8 elephants (Lair:6)
  Joseph (Lair:1)
  4 black mambas
  2 rime drakes
  2 unseen horrors (D:7)
  2 kobold demonologists
  Maggie (D:8)
  5 cane toads
  9 komodo dragons
  An ice devil (Lair:3)
  3 polar bears
  8 trolls
  A hornet (D:8)
  5 slime creatures
  22 blink frogs
  A meliai zombie (D:11)
  5 shadows
  Sigmund (D:2)
  42 yaks
  A wyvern (Lair:2)
  A vampire (D:10)
  A wraith (D:12)
  4 basilisks
  Grum (D:9)
  A steam dragon (D:7)
  5 vampire mosquitoes
  22 water moccasins
  An acid dragon (D:10)
  An ice beast (D:7)
  5 necrophages
  34 orc warriors
  2 sky beasts
  4 black bears
  7 wolves
  11 centaurs
  9 ogres
  9 kobold brigands
  Blork the orc (D:6)
  16 bullfrogs
  4 scorpions
  6 gnoll sergeants
  2 wyvern zombies
  5 killer bees (D:9)
  3 wights (D:8)
  3 howler monkeys
  3 centaur zombies
  3 jellies
  5 hounds
  A human zombie (D:8)
  Crazy Yiuf (D:3)
  A bullfrog skeleton (D:7)
  10 orc priests
  2 centaur skeletons
  Terence (D:3)
  5 iguanas
  Natasha (twice) (D:3)
  15 orc wizards
  A killer bee zombie (D:8)
  2 mummies (D:8)
  A howler monkey skeleton (D:5)
  18 gnolls
  5 adders
  A shadow imp (D:8)
  13 white imps
  An adder skeleton (D:4)
  2 worms (D:2)
  5 dart slugs
  71 orcs
  3 endoplasms
  5 giant cockroaches
  10 goblins
  7 hobgoblins
  8 jackals
  4 quokkas (D:2)
  9 ball pythons
  6 bats
  5 frilled lizards (D:1)
  35 kobolds
  6 rats
577 creatures vanquished.

Vanquished Creatures (others)
  A shadow imp (D:7)
  28 fungi
  53 plants
82 creatures vanquished.

Grand Total: 659 creatures vanquished

Notes
Turn   | Place    | Note
-------+----------+-------------------------------------------
     0 | D:1      | Feb132020 the Spriggan Venom Mage began the quest for the
                  | Orb.
     0 | D:1      | Reached XP level 1. HP: 9/9 MP: 5/5
   257 | D:1      | Reached skill level 3 in Spellcasting
   308 | D:1      | Reached XP level 2. HP: 13/13 MP: 7/7
   312 | D:1      | Learned a level 2 spell: Poisonous Vapours
   792 | D:1      | Reached XP level 3. HP: 16/16 MP: 5/8
   914 | D:1      | Found a faded altar of an unknown god.
  1381 | D:2      | Reached XP level 4. HP: 12/21 MP: 10/10
  1516 | D:2      | Found a radiant altar of Vehumet.
  1521 | D:2      | Became a worshipper of Vehumet
  1656 | D:2      | Noticed Sigmund
  1680 | D:2      | Killed Sigmund
  1681 | D:2      | Reached skill level 1 in Short Blades
  1681 | D:2      | Reached skill level 4 in Spellcasting
  1681 | D:2      | Reached XP level 5. HP: 22/24 MP: 4/12
  2125 | D:3      | Noticed Terence
  2205 | D:3      | Reached XP level 6. HP: 28/28 MP: 13/13
  2218 | D:3      | Noticed Natasha
  2230 | D:3      | Killed Natasha
  2253 | D:3      | Killed Terence
  2254 | D:3      | Reached skill level 1 in Air Magic
  2268 | D:3      | Reached * piety under Vehumet
  2268 | D:3      | Offered knowledge of Freeze by Vehumet.
  2351 | D:3      | Learned a level 3 spell: Mephitic Cloud
  2425 | D:3      | Found a snail-covered altar of Cheibriados.
  2641 | D:3      | Noticed Natasha
  2653 | D:3      | Killed Natasha
  2742 | D:3      | Found a radiant altar of Vehumet.
  2742 | D:3      | Found a bloodstained altar of Trog.
  3350 | D:3      | Found a runed translucent door.
  3351 | D:3      | Noticed Crazy Yiuf
  3358 | D:3      | Killed Crazy Yiuf
  3429 | D:4      | Reached XP level 7. HP: 32/32 MP: 11/15
  3543 | D:4      | Noticed Pikel
  3565 | D:4      | Killed Pikel
  3566 | D:4      | Reached skill level 1 in Fighting
  3566 | D:4      | Reached skill level 5 in Spellcasting
  3566 | D:4      | Reached skill level 5 in Poison Magic
  3566 | D:4      | Reached XP level 8. HP: 37/37 MP: 5/17
  3711 | D:4      | Learned a level 1 spell: Sandblast
  3966 | D:4      | Reached skill level 6 in Spellcasting
  4322 | D:4      | Offered knowledge of Magic Dart by Vehumet.
  4329 | D:4      | Learned a level 1 spell: Magic Dart
  4338 | D:4      | Found an iron altar of Okawaru.
  4404 | D:4      | Found a broken altar of Ashenzari.
  4634 | D:5      | Entered Level 5 of the Dungeon
  4697 | D:5      | Reached ** piety under Vehumet
  4983 | D:5      | Found a staircase to the Ecumenical Temple.
  5368 | D:5      | Found an ancient bone altar of Kikubaaqudgha.
  5712 | D:6      | Noticed Blork the orc
  5721 | D:5      | Reached skill level 7 in Spellcasting
  6050 | D:6      | Killed Blork the orc
  6362 | D:6      | Reached XP level 9. HP: 41/41 MP: 10/21
  6459 | D:6      | Noticed Menkaure
  6547 | D:6      | Found an ornate altar of the Wu Jian Council.
  6572 | D:6      | Found a runed translucent gate.
  6572 | D:6      | Found a runed translucent gate.
  6572 | D:6      | Noticed a kobold demonologist
  6573 | D:6      | Found a runed translucent gate.
  6579 | D:6      | Noticed philipeq's ghost (novice DrCj)
  6581 | D:6      | Noticed a troll
  7087 | D:6      | Killed a troll
  7088 | D:6      | Reached skill level 8 in Spellcasting
  7252 | D:7      | Offered knowledge of Frozen Ramparts by Vehumet.
  7370 | D:7      | Reached *** piety under Vehumet
  7426 | D:7      | Learned a level 2 spell: Passwall
  7431 | D:7      | Learned a level 4 spell: Olgreb's Toxic Radiance
  7475 | D:7      | Learned a level 3 spell: Stone Arrow
  8012 | D:7      | Reached skill level 1 in Earth Magic
  8069 | D:7      | Reached skill level 9 in Spellcasting
  8069 | D:7      | Reached skill level 1 in Conjurations
  8586 | D:7      | Offered knowledge of Conjure Flame by Vehumet.
  8587 | D:7      | Reached skill level 5 in Short Blades
  8587 | D:7      | Reached skill level 5 in Dodging
  8591 | D:7      | Learned a level 3 spell: Conjure Flame
  8694 | D:7      | Noticed a red ugly thing
  8718 | D:7      | Killed a red ugly thing
  8719 | D:7      | Reached XP level 10. HP: 46/46 MP: 24/24
  8766 | D:7      | Noticed a seven-headed hydra
  8788 | D:7      | Killed a seven-headed hydra
  8832 | D:7      | Reached skill level 10 in Spellcasting
  8992 | D:7      | Reached skill level 1 in Evocations
  9339 | D:6      | Killed philipeq's ghost
  9340 | D:6      | Reached skill level 10 in Stealth
  9884 | D:8      | Reached **** piety under Vehumet
  9982 | D:8      | Found a shimmering altar of Xom.
 10260 | D:8      | Offered knowledge of Bolt of Magma by Vehumet.
 10363 | D:8      | Noticed Maggie
 10365 | D:8      | Killed Maggie
 10366 | D:8      | Reached XP level 11. HP: 50/50 MP: 26/26
 10617 | D:8      | Found a basalt altar of Yredelemnul.
 11152 | D:9      | Noticed a two-headed ogre
 11171 | D:9      | Killed a two-headed ogre
 11188 | D:9      | Reached skill level 5 in Air Magic
 11338 | D:9      | Noticed Grum
 11341 | D:9      | Found Zadav Geo's Armour Boutique.
 11356 | D:9      | Reached skill level 11 in Spellcasting
 11359 | D:9      | Killed Grum
 11451 | D:9      | Bought a +1 buckler of poison resistance for 189 gold
                  | pieces
 11475 | D:9      | Found Zoqiadao's General Store.
 11562 | D:9      | Found a faded altar of an unknown god.
 11563 | D:9      | Found a hazy altar of Hepliaklqana.
 11928 | D:9      | Found a stormy altar of Qazlal.
 11931 | D:9      | Found a sacrificial altar of Ru.
 11935 | D:9      | Found a shimmering blue altar of Sif Muna.
 12005 | D:9      | Upgraded the game from 0.27-a0-1185-ga233589e6f to
                  | 0.27-a0-1187-ge80a49f48c
 12014 | D:10     | Entered Level 10 of the Dungeon
 12172 | D:10     | Reached ***** piety under Vehumet
 12176 | D:10     | Offered knowledge of Freezing Cloud by Vehumet.
 12465 | D:10     | Noticed Sonja
 12469 | D:10     | Killed Sonja
 12470 | D:10     | Reached skill level 5 in Transmutations
 12525 | D:10     | Reached skill level 12 in Spellcasting
 12567 | D:10     | Noticed Harold
 12580 | D:10     | Killed Harold
 12638 | D:10     | Found a portal to a secret trove of treasure.
 12728 | D:10     | Reached skill level 1 in Shields
 12730 | D:10     | Identified the +1 hand axe of Fortitude {vorpal, Dex+6}
 12735 | D:10     | Found a staircase to the Lair.
 12949 | Lair:1   | Entered Level 1 of the Lair of Beasts
 13014 | Lair:1   | Noticed Joseph
 13040 | Lair:1   | Reached XP level 12. HP: 56/56 MP: 22/29
 13535 | Lair:1   | Killed Joseph
 13535 | Lair:1   | Offered knowledge of Iron Shot by Vehumet.
 13851 | Lair:1   | Identified the +0 robe of Supple Strength {rPois}
 14050 | Lair:2   | Found a stormy altar of Qazlal.
 14199 | Lair:2   | Found a transporter.
 14199 | Lair:2   | Found a transporter.
 14203 | Lair:2   | Noticed UristMcRaven's ghost (journeyman DECj)
 14203 | Lair:2   | Noticed a six-headed hydra
 14366 | Lair:3   | Found a frozen archway.
 14533 | IceCv    | Entered an ice cave
 14829 | Lair:3   | Reached skill level 5 in Earth Magic
 14854 | Lair:3   | Found a staircase to the Snake Pit.
 14880 | Lair:3   | Found a shimmering blue altar of Sif Muna.
 14919 | Lair:3   | Reached skill level 13 in Spellcasting
 15761 | Lair:3   | Noticed a seven-headed hydra
 15769 | Lair:3   | Killed a seven-headed hydra
 16412 | Lair:4   | Found a staircase to the Shoals.
 17108 | Lair:5   | Noticed a six-headed hydra
 17223 | Lair:5   | Noticed a seven-headed hydra
 17274 | Lair:5   | Killed a seven-headed hydra
 17282 | Lair:5   | Reached XP level 13. HP: 56/60 MP: 20/31
 17401 | Lair:5   | Reached skill level 14 in Spellcasting
 17449 | Lair:5   | Offered knowledge of Conjure Ball Lightning by Vehumet.
 17456 | Lair:5   | Learned a level 5 spell: Lee's Rapid Deconstruction
 18164 | Lair:6   | Entered Level 6 of the Lair of Beasts
 18824 | Lair:6   | Found a viscous altar of Jiyva.
 18824 | Lair:6   | Found a staircase to the Slime Pits.
 19105 | Lair:6   | Reached skill level 15 in Spellcasting
 19900 | Lair:6   | Found the +8 longbow "Zephyr" {speed, Dex+3 SInv}
 20382 | D:11     | Reached XP level 14. HP: 65/65 MP: 34/34
 20681 | D:11     | Noticed Erolcha
 20707 | D:11     | Reached skill level 15 in Stealth
 20709 | D:11     | Killed Erolcha
 20799 | D:11     | Found a staircase to the Orcish Mines.
 20811 | D:11     | Offered knowledge of Fireball by Vehumet.
 20956 | D:11     | Found Iqusajac's Weapon Shop.
 21188 | Orc:1    | Entered Level 1 of the Orcish Mines
 21301 | Orc:2    | Entered Level 2 of the Orcish Mines
 21655 | Orc:1    | Found Potsy's Assorted Antiques.
 21712 | Orc:1    | Noticed Snorg
 21734 | Orc:1    | Killed Snorg
 21795 | Orc:1    | Bought a garnet ring for 140 gold pieces
 21965 | Orc:2    | Reached skill level 16 in Spellcasting
 22948 | Orc:2    | Found a staircase to the Elven Halls.
 23090 | Orc:2    | Found Sifirou's Antique Weapon Boutique.
 23090 | Orc:2    | Found Kanyg's Book Emporium.
 23092 | Orc:2    | Found Etifud's Book Shoppe.
 23094 | Orc:2    | Found Toble's Book Shop.
 23103 | Orc:2    | Bought a book of Minor Magic for 320 gold pieces
 23109 | Orc:2    | Learned a level 5 spell: Fireball
 23112 | Orc:2    | Learned a level 2 spell: Blink
 23112 | Orc:2    | Upgraded the game from 0.27-a0-1187-ge80a49f48c to
                  | 0.27-a0-1188-g73eefd5def
 23344 | D:12     | Found a transporter.
 23359 | D:12     | Found a transporter.
 23372 | D:12     | Noticed Rupert
 23461 | D:12     | Killed from afar by a manticore

Illustrated notes

Levels and vault maps discovered:
D:1:      minmay_arrival_arboretum_small, layout_basic,
          ebering_ecumenical_altar_sacrificial, st_stairs_2,
          minmay_misc_feat_doors
D:2:      layout_rooms, basic_altar, uniq_sigmund
D:3:      minmay_evil_eye, layout_basic, gammafunk_temple_overflow_elements,
          lemuel_doored_altar, minmay_crystal_water, feat_on_display,
          uniq_terence, uniq_crazy_yiuf_cottage, uniq_natasha
D:4:      layout_gridville, ashenzari_conservatory_becter,
          okawaru_altar_gauntlet_db, corexii_hall_statues_u, uniq_pikel
D:5:      layout_basic, old_standard_altar, minmay_temple_entry_steel_oval
D:6:      layout_rooms, pdpol_wu_jian_five_deadly_venoms, gammafunk_ghost_split,
          uniq_menkaure, uniq_blork_the_orc
D:7:      layout_basic, minmay_the_grid_2x2 [minmay_the_grid_pillar_ring,
          minmay_the_grid_minigrid_medium, minmay_the_grid_paths,
          minmay_the_grid_prize_trominoes]
D:8:      layout_loops_corners, lemuel_mausoleum_altar_yredelemnul,
          general_overflow_altar, amcnicky_mini_pool_small,
          chequers_serial_rivers_room_b, minivault_27, uniq_maggie
D:9:      layout_cave_pools, minitemple, beargit_hepliaklqana_dungeon_heroes,
          serial_shops, shop, shop, uniq_grum
D:10:     layout_gridville, grunt_lair_entry_orc_guard_hut,
          nicolae_trove_entry_free_sample, uniq_harold, uniq_sonja
D:11:     layout_stronghold, kennysheep_orc_monster_closet_entryway,
          serial_shops, nicolae_shop_trees, uniq_erolcha
D:12:     gammafunk_the_bubble [the_bubble_gammafunk_crates], layout_basic,
          serial_shops, kennysheep_mini_moat, uniq_rupert
Lair:1:   layout_regular_city, uniq_joseph
Lair:2:   layout_big_grid, nzn_ghost_randoct, basic_altar
Lair:3:   layout_roguey, minmay_snake_entry_six_corridors,
          portal_ice_cave_entry_imps, basic_altar
Lair:4:   layout_cave_pods, elwin_shoals_entry_rocks, minmay_holes,
          grunt_megastairs_3
Lair:5:   layout_concentric_octagons
Lair:6:   grunt_lair_end_beastmaster, layout_big_grid,
          dpeg_slime_entry_enclosed_altar
Orc:1:    layout_diamond_mine, basic_altar, serial_shops, shop_fountains,
          uniq_snorg, uniq_fannar
Orc:2:    st_orc_rangers, layout_caves

Skill      XL: |  1  2  3  4  5  6  7  8  9 10 11 12 13 14 |
---------------+-------------------------------------------+-----
Spellcasting   | 3 4 5 7 9 10 12 13 15 16 | 16.3
Transmutations | 2 3 4 5 |  5.4
Dodging        | 3 4 5 6 7 |  7.2
Short Blades   | 1 2 3 4 5 6 7 |  7.8
Stealth        | 6 7 8 9 10 11 13 14 15 | 15.5
Poison Magic   | 4 5 6 7 8 9 |  9.0
Air Magic      | 1 2 3 4 5 6 |  6.5
Fighting       | 1 2 3 |  3.3
Earth Magic    | 2 4 5 7 |  7.1
Conjurations   | 1 2 3 4 |  4.3
Evocations     | 2 |  2.6
Shields        | 1 2 3 |  3.2
Translocations | |  0.2
Fire Magic     | |  0.5

Action                   |  1- 3 |  4- 6 |  7- 9 | 10-12 | 13-15 || total
-------------------------+-------+-------+-------+-------+-------++-------
Melee: Dagger            |    53 |    74 |   182 |   337 |   296 ||   942
 Cast: Sting             |    34 |    20 |    47 |    11 |     2 ||   114
       Poisonous Vapours |       |    24 |    73 |    52 |    29 ||   178
       Sandblast         |       |       |    17 |    55 |    41 ||   113
       Magic Dart        |       |       |    22 |    25 |     7 ||    54
       Mephitic Cloud    |       |       |     7 |    16 |    21 ||    44
       Stone Arrow       |       |       |    16 |    84 |    65 ||   165
       Conjure Flame     |       |       |       |     1 |       ||     1
       Olgreb's Toxic Ra |       |       |       |    19 |    70 ||    89
       Passwall          |       |       |       |     4 |     6 ||    10
       Lee's Rapid Decon |       |       |       |       |     1 ||     1
       Blink             |       |       |       |       |     1 ||     1
Evoke: Wand              |       |       |       |     8 |     1 ||     9
       Phial of floods   |       |       |       |     1 |     1 ||     2
  Use: Scroll            |       |     2 |     6 |    18 |     3 ||    29
       Potion            |       |       |       |       |     1 ||     1
 Stab: Sleeping          |    16 |    10 |    10 |    40 |    21 ||    97
       Distracted        |       |     1 |     1 |       |     2 ||     4
       Confused          |       |       |     5 |    13 |    24 ||    42
       Petrified         |       |       |       |       |     2 ||     2
Armor: Robe              |     8 |     7 |    20 |    24 |    11 ||    70
Dodge: Dodged            |    29 |    34 |   132 |   149 |   172 ||   516
Block: Buckler           |       |       |       |    68 |   140 ||   208

Table legend: (Time is in decaauts)
 A = Elapsed time spent in this place.
 B = Non-inter-level travel time spent in this place.
 C = Inter-level travel time spent in this place.
 D = Time resting spent in this place.
 E = Time spent auto-exploring this place.
 F = Levels seen in this place.
 G = Mean time per level.
                   A        B        C        D        E       F      G
               +--------+--------+--------+--------+--------+-----+--------+
         Total |  17788 |  17191 |    597 |   1046 |  12151 |  21 |  847.0 |
       Dungeon |  10816 |  10404 |    412 |    364 |   7596 |  12 |  901.3 |
          Lair |   5266 |   5128 |    138 |    113 |   3869 |   6 |  877.7 |
  Orcish Mines |   1599 |   1553 |     46 |    569 |    596 |   2 |  799.5 |
      Ice Cave |    107 |    107 |      0 |      0 |     90 |   1 |  107.0 |
               +--------+--------+--------+--------+--------+-----+--------+

Top non-repeatable levels by time:
     D:7: 1681 daAuts
  Lair:6: 1505 daAuts
  Lair:3: 1272 daAuts
   Orc:2: 1152 daAuts
     D:3: 1132 daAuts
     D:5: 1095 daAuts
     D:6: 1073 daAuts
     D:8: 1023 daAuts
     D:4: 887 daAuts
     D:1: 855 daAuts
  Lair:5: 796 daAuts
     D:9: 794 daAuts
    D:11: 790 daAuts
  Lair:1: 784 daAuts
    D:10: 736 daAuts
